 Dungeon Crawl Stone Soup version 0.28.0-53-g5a82cb258f (webtiles) character file.

Game seed: 11050752788115459265

1939 sanboga the Cleaver (level 8, -4/111 HPs)
             Began as a Minotaur Berserker on July 6, 2022.
             Was an Elder of Trog.
             Succumbed to an orc wizard's poison
             ... on level 5 of the Dungeon.
             The game lasted 00:06:33 (6302 turns).

sanboga the Cleaver (Minotaur Berserker)            Turns: 6302, Time: 00:06:33

Health: -4/111     AC: 13    Str: 23    XL:     8   Next: 97%
Magic:  7/7        EV:  7    Int:  4    God:    Trog [****..]
Gold:   1625       SH:  0    Dex: 11    Spells: 7/7 levels left

rFire   . . .      SeeInvis .   a - +4 battleaxe (flame)
rCold   . . .      Faith    .   (shield currently unavailable)
rNeg    . . .      Spirit   .   e - +0 plate armour
rPois   .          Reflect  .   w - +0 hat
rElec   .          Harm     .   (no cloak)
rCorr   +          Rampage  .   (no gloves)
Will    .....                   (no boots)
Stlth   ..........              (no amulet)
HPRegen 0.28/turn               l - ring of resist corrosion
MPRegen 0.10/turn               (no ring)

@: berserking, lethally poisoned (-4 -> -39), very quick
A: horns 2, retaliatory headbutt
a: Renounce Religion, Berserk, Trog's Hand, Brothers in Arms


You were on level 5 of the Dungeon.
You worshipped Trog.
Trog was greatly pleased with you.
You visited 1 branch of the dungeon, and saw 5 of its levels.
You also visited: Sewer.

You collected 1625 gold pieces.

Inventory:

Hand Weapons
 a - a +4 battleaxe of flaming (weapon)
 b - a +2 hand axe of freezing
Armour
 e - a +0 plate armour (worn)
 w - a +0 hat (worn)
Jewellery
 l - a ring of resist corrosion (left hand)
 r - a ring of magical power
Wands
 o - a wand of iceblast (15)
Scrolls
 f - 2 scrolls of fog
 m - a scroll of enchant weapon
 n - 2 scrolls of identify
 s - 2 scrolls of teleportation
 t - a scroll of brand weapon {unknown}
 u - 2 scrolls of blinking
 v - 2 scrolls of amnesia {unknown}
Potions
 c - a potion of invisibility
 d - a potion of haste {unknown}
 g - a potion of attraction {unknown}
 h - 3 potions of heal wounds
 i - a potion of might {unknown}
 j - 2 potions of curing {unknown}
 k - a potion of magic {unknown}
 p - a potion of cancellation {unknown}
 q - a potion of ambrosia {unknown}


   Skills:
 + Level 7.9 Fighting
 * Level 10.5 Axes
 + Level 7.4 Armour
 - Level 2.1 Dodging


You had 7 spell levels left.
You didn't know any spells.
Your spell library was empty.

Dungeon Overview and Level Annotations

Branches:
Dungeon (5/15)              Sewer (visited)
 Temple: D:4-7

Altars:
Elyvilon
Ru
Sif Muna

Shops:
D:3 =   D:4 (   D:5 (

Portals:
Abyss: D:5

Annotations:
D:5 2 transporters, mortz's ghost, novice DgCj


Innate Abilities, Weirdness & Mutations

You have a pair of horns on your head.
You reflexively headbutt those who attack you in melee.


Message History

You are too injured to fight recklessly!
You are too injured to fight recklessly!
You are too injured to fight recklessly!
You are too injured to fight recklessly!
You are too injured to fight recklessly!
You are too injured to fight recklessly!
A red film seems to cover your vision as you go berserk!
You feel yourself moving faster!
You feel mighty!
You feel very sick.
The orc warrior hits you with a +0 short sword!
* * * LOW HITPOINT WARNING * * *
Something hits you but does no damage.
You are lethally poisoned!
You miss something. You closely miss the orc warrior.
* * * LOW HITPOINT WARNING * * *
You feel very sick.
The orc warrior hits you but does no damage.
Something hits you but does no damage.
You are more poisoned.
You hit something. You burn something. You closely miss the orc warrior.
* * * LOW HITPOINT WARNING * * *
You feel very sick. The orc warrior completely misses you.
Something hits you but does no damage.
You are more poisoned.
You barely miss something. You hit the orc warrior. You burn the orc warrior.
* * * LOW HITPOINT WARNING * * *
You feel very sick.
You miss something. You slash the orc warrior! You burn the orc warrior.
* * * LOW HITPOINT WARNING * * *
You feel very sick.
The orc warrior hits you but does no damage.
Something hits you but does no damage.
You are more poisoned.
You slice something!! You burn something.
You feel the power of Trog in you as your rage grows.
Trog accepts your kill.
Trog appreciates your killing of a magic user.
Reactivating autopickup.
You feel a bit more experienced.
You barely miss the orc warrior.
You die...

#.........
##.##########)#
.##..##..# #.#
... #$#©.##...
#.# .#..
.##...#<.## ##'##
#.#.. ##.........
##...## # #..
......##.##
##.....## ##.
.....## #..
##.......## .
#.####
.....##)........#
....
.....S)@........+
#.###
......o.........#
#.#
.......#.......##
#.#
.....####.....##
..# ##... ##...##
### ##. ##+## #


You could see an orc warrior and an adder.

Vanquished Creatures
  The ghost of Diggabert the Poker, a novice VSFi (D:4)
  An orc warrior (D:5)
  An ice beast (D:5)
  4 ogres (D:4)
  6 kobold brigands (Sewer)
  A bullfrog (D:5)
  A scorpion (D:4)
  2 hounds (D:4)
  A jelly (D:4)
  3 orc priests
  A gnoll shaman (D:5)
  4 orc wizards
  Terence (D:2)
  A hound skeleton (D:4)
  Robin (D:4)
  8 gnolls
  11 adders
  A river rat (Sewer)
  5 worms
  2 dart slugs
  14 orcs
  12 ball pythons
  6 bats
  11 endoplasms
  A giant cockroach (D:1)
  15 goblins
  9 hobgoblins
  2 jackals (D:1)
  11 quokkas
  3 frilled lizards
  14 kobolds
  17 rats
171 creatures vanquished.

Notes
Turn   | Place    | Note
-------+----------+-------------------------------------------
     0 | D:1      | sanboga the Minotaur Berserker began the quest for the Orb.
     0 | D:1      | Reached XP level 1. HP: 19/19 MP: 0/0
   388 | D:1      | Reached skill level 4 in Axes
   395 | D:1      | Reached XP level 2. HP: 23/27 MP: 1/1
   743 | D:1      | Reached XP level 3. HP: 30/33 MP: 2/2
  1076 | D:2      | Noticed Terence
  1097 | D:2      | Killed Terence
  1293 | D:2      | Found a shimmering blue altar of Sif Muna.
  1310 | D:2      | Found a faded altar of an unknown god.
  1318 | D:2      | Reached XP level 4. HP: 41/41 MP: 3/3
  1333 | D:2      | Reached ** piety under Trog
  1334 | D:2      | Reached skill level 5 in Axes
  1646 | D:3      | Identified a scroll of acquirement
  1646 | D:3      | Acquired a +4 battleaxe of flaming
  1681 | D:3      | Found a glowing drain.
  1693 | Sewer    | Entered a sewer
  1729 | Sewer    | Noticed a kobold brigand
  1739 | Sewer    | Killed a kobold brigand
  1740 | Sewer    | Reached XP level 5. HP: 47/47 MP: 4/4
  1968 | Sewer    | Reached skill level 5 in Fighting
  1968 | Sewer    | Reached skill level 6 in Axes
  2106 | Sewer    | Reached XP level 6. HP: 42/56 MP: 5/5
  2834 | Sewer    | Reached skill level 7 in Axes
  2996 | Sewer    | Reached skill level 5 in Armour
  2996 | Sewer    | Reached XP level 7. HP: 43/62 MP: 6/6
  3987 | D:3      | Reached *** piety under Trog
  4006 | D:3      | Found Xicheak's Jewellery Shop.
  4201 | D:4      | Reached skill level 8 in Axes
  4351 | D:4      | Noticed Robin
  4359 | D:4      | Killed Robin
  4449 | D:4      | Found Gorphef's Antique Weapon Boutique.
  4541 | D:4      | Found a transporter.
  4541 | D:4      | Noticed Diggabert's ghost (novice VSFi)
  4542 | D:4      | Found a transporter.
  4687 | D:4      | Reached XP level 8. HP: 71/71 MP: 7/7
  4799 | D:4      | Acquired 1309 gold pieces
  4837 | D:4      | Reached **** piety under Trog
  5013 | D:4      | Reached skill level 9 in Axes
  5013 | D:4      | Found a white marble altar of Elyvilon.
  5301 | D:4      | Killed Diggabert's ghost
  5334 | D:5      | Entered Level 5 of the Dungeon
  5334 | D:5      | Found Tilyqi's Weapon Shoppe.
  5359 | D:5      | Reached skill level 10 in Axes
  5505 | D:5      | Found a transporter.
  5650 | D:5      | Found a shimmering blue altar of Sif Muna.
  5725 | D:5      | Noticed mortz's ghost (novice DgCj)
  5732 | D:5      | Found a transporter.
  5747 | D:5      | Found a one-way gate to the infinite horrors of the Abyss.
  5835 | D:5      | Found a sacrificial altar of Ru.
  6301 | D:5      | HP: 2/111 [poisoned by an orc wizard]
  6302 | D:5      | Succumbed to an orc wizard's poison

Illustrated notes

Levels and vault maps discovered:
D:1:      elethiomel_arrival_quiet, layout_loops_ring, hangedman_decor_growths
D:2:      layout_rooms, basic_ecumenical_altar, basic_altar, uniq_terence
D:3:      layout_loops_corners, cheibrodos_sewer_entry_drain, serial_shops,
          nicolae_shop_advertising_works [nicolae_subvault_shop_adworks],
          grunt_decor_one_mirror, minmay_close_crescents
D:4:      kennysheep_spiral_hall, layout_cave_pools,
          mainiacjoe_overflow_24_doors, gammafunk_ghost_smash, serial_shops,
          shop, uniq_robin
D:5:      layout_loops_corners, mainiacjoe_overflow_cross_hatched,
          nicolae_ru_awakened_eye, mainiacjoe_overflow_two_lobes,
          gammafunk_ghost_abyssal_escape, nicolae_stop_n_shop_1

Skill      XL: |  1  2  3  4  5  6  7  8 |
---------------+-------------------------+-----
Axes           | 4 5 6 7 8 10 | 10.5
Fighting       | 4 5 6 7 |  7.9
Armour         | 3 4 5 6 7 |  7.4
Dodging        | |  2.1

Action                   |  1- 3 |  4- 6 |  7- 9 || total
-------------------------+-------+-------+-------++-------
Melee: Hand axe          |    84 |    18 |       ||   102
       Headbutt          |     7 |    10 |    21 ||    38
       Battleaxe         |       |    62 |   173 ||   235
Invok: Berserk           |     1 |     3 |     2 ||     6
  Use: Scroll            |       |     5 |     6 ||    11
Armor: Animal skin       |    15 |       |       ||    15
       Plate armour      |    17 |    46 |   121 ||   184
Dodge: Dodged            |    44 |    31 |    57 ||   132
